 Dungeon Crawl Stone Soup version 0.17-a0-1655-g88a8506 (webtiles) character file.

72 Kidiri the Conjurer (level 4, 0/35 HPs)
             Began as a Draconian Conjurer on Aug 15, 2015.
             Slain by a worm (5 damage)
             ... on level 2 of the Dungeon.
             The game lasted 00:10:23 (2342 turns).

Kidiri the Conjurer (Draconian Conjurer)            Turns: 2342, Time: 00:10:24

Health: 0/35       AC:  5    Str: 10    XL:     4   Next: 7%
Magic:  4/8        EV: 12    Int: 16    God:
Gold:   55         SH:  0    Dex: 12    Spells: 3 memorised, 2 levels left

rFire  . . .     SeeInvis .     c - +0 club
rCold  . . .     Clarity  .     (armour unavailable)
rNeg   . . .     SustAt   .     (no shield)
rPois  .         Gourm    .     (helmet restricted)
rElec  .         Spirit   .     (no cloak)
rCorr  .         Warding  .     (no gloves)
rMut   .         Stasis   .     (no boots)
MR     .....                    (no amulet)
Stlth  ++........               (no ring)
                                i - +2 ring of slaying

@: not resistant to hostile enchantments, unstealthy
A: unfitting armour, cold-blooded, AC +5
a: no special abilities


You were on level 2 of the Dungeon.
You were not hungry.

You visited 1 branch of the dungeon, and saw 2 of its levels.

You collected 55 gold pieces.

Inventory:

Hand weapons
 c - a +0 club (weapon)
Jewellery
 i - a +2 ring of slaying (left hand)
Magical devices
 g - a wand of magic darts (6)
Scrolls
 e - a scroll of enchant weapon
 j - a scroll of recharging
Potions
 f - a potion of lignification
 k - a potion of cancellation {unknown}
Books
 a - a book of Conjurations

   Spells                             Type                      Level
   a - Magic Dart                     Conjuration                  1
   b - Searing Ray                    Conjuration                  2
   c - Dazzling Spray                 Conjuration/Hexes            3
   d - Fulminant Prism                Conjuration/Hexes            4
   e - Iskenderun's Mystic Blast      Conjuration                  4
   f - Iskenderun's Battlesphere      Conjuration/Charms           5
Comestibles
 b - a bread ration
 d - a slice of pizza
 h - 4 chunks of flesh


   Skills:
 + Level 1.0 Fighting
 * Level 2.5 Dodging
 + Level 2.1 Stealth
 * Level 2.7 Spellcasting
 + Level 4.4 Conjurations


You had 2 spell levels left.
You knew the following spells:

 Your Spells              Type           Power        Failure   Level  Hunger
a - Magic Dart            Conj           ###.         3%          1    #......
b - Searing Ray           Conj           ###...       6%          2    ##.....
c - Dazzling Spray        Conj/Hex       #.......     28%         3    ###....


Dungeon Overview and Level Annotations

Branches:
Dungeon (2/15)

Altars:
Makhleb
Yredelemnul


Innate Abilities, Weirdness & Mutations

Your plain brown scales are hard (AC +5).
Your body does not fit into most forms of armour.
You are cold-blooded and may be slowed by cold attacks.


Message History

The worm is moderately wounded.
You hit the worm. You tail-slap the worm.
The worm is severely wounded.
The worm bites you.
You barely miss the worm. You tail-slap the worm.
The worm is almost dead.
The worm bites you!
* * * LOW HITPOINT WARNING * * *
You are too injured to fight recklessly!
You are too injured to fight recklessly!
Unknown command.
Casting: Magic Dart
Confirm with . or Enter, or press ? or * to list all spells.
Aiming: Magic Dart
Press: ? - help, Shift-Dir - straight line, f/p - worm
Aim: a worm (severely wounded)
The magic dart hits the worm.
The worm is almost dead.
The worm bites you.
You die...

............................
g..............##............#
...............#....##<.......
......#.......##.......#......
#.### ###.#######....###......
#.# #.# ##....####...... #.#
####.## #....>.........#
##.####.....####.......#
#..### #........÷...w@.†.....#
.. #...#.........##......# ..
#...#.........##.†....# ..
##.###.......###....?.# .. ###
##.....## ##....## .. #######
##### ##


You could see a worm.

Vanquished Creatures
  4 adders (D:2)
  An ooze (D:2)
  2 giant geckos
  2 bats
  2 giant cockroaches (D:1)
  8 hobgoblins
  3 giant newts
  3 goblins
  A kobold (D:1)
  6 rats
32 creatures vanquished.

Notes
Turn   | Place    | Note
--------------------------------------------------------------
     0 | D:1      | Kidiri the Draconian Conjurer began the quest for the Orb.
     0 | D:1      | Reached XP level 1. HP: 14/14 MP: 3/3
   486 | D:1      | Reached XP level 2. HP: 20/20 MP: 3/5
   490 | D:1      | Learned a level 2 spell: Searing Ray
  1237 | D:2      | Reached skill level 1 in Fighting
  1237 | D:2      | Reached XP level 3. HP: 15/28 MP: 2/6
  1505 | D:2      | Learned a level 3 spell: Dazzling Spray
  1681 | D:2      | Found a burning altar of Makhleb.
  1796 | D:2      | Found a basalt altar of Yredelemnul.
  2216 | D:2      | Reached XP level 4. HP: 30/35 MP: 5/8
  2342 | D:2      | Slain by a worm

Vault maps used:
D:1:      dpeg_arrival_three_bigger_balls, minmay_misc_feat_nine_boxes
D:2:      makhleb_grotto_becter, old_standard_altar

Action                   |  1- 3 |  4- 6 || total
-------------------------+-------+-------++-------
Melee: Unarmed           |    16 |       ||    16
       Club              |    86 |    12 ||    98
 Cast: Magic Dart        |    50 |    12 ||    62
       Dazzling Spray    |     2 |       ||     2
       Searing Ray       |     2 |       ||     2
  Use: Scroll            |     6 |     1 ||     7
 Stab: Sleeping          |     3 |       ||     3
  Eat: Royal jelly       |     1 |       ||     1
       Meat ration       |     1 |       ||     1
       Chunk             |     1 |       ||     1
